 Dungeon Crawl Stone Soup version 0.29-a0-321-gf1c400731a (webtiles) character file.

Game seed: 7381030697873950737

347 spaghetti the Ducker (level 6, -2/69 HPs)
             Began as a Djinni Berserker on Apr 4, 2022.
             Was a Follower of Trog.
             Slain by a wight
             ... wielding a +2 falchion of freezing
              (3 damage)
             ... on level 3 of the Dungeon.
             The game lasted 00:02:58 (2874 turns).

spaghetti the Ducker (Djinni Berserker)             Turns: 2874, Time: 00:02:58

Health: -2/69      AC:  3    Str: 16    XL:     6   Next: 91%
Gold:   115        EV: 14    Int:  8    God:    Trog [*.....] SH:  3 Dex: 15

rFire   + + .      SeeInvis .   a - +0 falchion {long}
rCold   x . .      Faith    .   d - +0 buckler
rNeg    . . .      Spirit   .   b - +0 animal skin
rPois   ∞          Reflect  .   (no helmet)
rElec   .          Harm     .   l - +0 cloak
rCorr   .          Rampage  .   (no gloves)
Will    .....                   (boots unavailable)
Stlth   ..........              (no amulet)
HPRegen 0.21/turn               (no ring)
MPRegen 0.00/turn               (no ring)

@: berserking (expiring), flying, very quick
A: sickness immunity, fire resistance 2, cold vulnerability 1, float, innate
caster, HP casting, extra vitality 1
a: Renounce Religion, Berserk


You were on level 3 of the Dungeon.
You worshipped Trog.
Trog was aware of your devotion.
You visited 1 branch of the dungeon, and saw 3 of its levels.

You collected 115 gold pieces.


Innate Abilities, Weirdness & Mutations

You are immune to sickness and miasma.
You are immune to poison.
Your flesh is very heat resistant. (rF++)
You are vulnerable to cold. (rC-)
You float through the air rather than walking.
You learn spells naturally, not from books.
Your magical power is your life essence.
You have superior vitality. (+4 MHP)


   Skills:
 - Level 3.0 Fighting
 + Level 5.0 Long Blades
 - Level 2.0 Armour
 + Level 5.4 Dodging


You had 2 spell levels left.
You knew the following spells:

 Your Spells              Type           Power      Damage    Failure   Level
a - Magic Dart            Conj           0%         1d3       52%         1
b - Corpse Rot            Necr/Air       0%         N/A       65%         2
Your spell library was empty.

Inventory:

Hand Weapons
 a - a +0 falchion (weapon) {long}
Missiles
 h - 21 stones (quivered) {throwing}
 p - 6 silver javelins {throwing}
Armour
 b - a +0 animal skin (worn)
 d - a +0 buckler (worn)
   (You found it on level 1 of the Dungeon)
 l - a +0 cloak (worn)
   (You found it on level 2 of the Dungeon)
Jewellery
 e - a ring of protection from cold
   (You found it on level 1 of the Dungeon)
 j - a ring of protection from cold
   (You took it off a goblin on level 2 of the Dungeon)
Wands
 m - a wand of acid (6)
   (You found it on level 2 of the Dungeon)
Scrolls
 c - a scroll of enchant weapon {unknown}
 g - a scroll of immolation {unknown}
 k - a scroll of enchant armour {unknown}
 o - a scroll of teleportation {unknown}
 q - a scroll of brand weapon {unknown}
Potions
 f - 2 potions of lignification {!q}
 i - 5 potions of curing {unknown}
 n - 2 potions of might {unknown}
 r - a potion of attraction {unknown}

Dungeon Overview and Level Annotations

Branches:
Dungeon (3/15)

Altars:

##############
#............#
#.##########.# #.# #.# #
##.##########.#######....
................@zz......
.#..#######†######z[.#.$#
.#..# #.....# .......
.#..# #.†)<.# .#.....
.........................
###.#####.....##.... ....
. ..# #.....# ..#. ... #
..# ###...# ... ... ..#.#


You could see 3 wights.


Message History

You kill the hobgoblin!
Trog accepts your kill.
A frilled lizard is nearby!
A frilled lizard is nearby!
The frilled lizard misses you.
You see here a +0 dagger {short}.
You completely miss the frilled lizard.
The frilled lizard bites you. x2 😕 HP[-2]
You take 2 damage, and now have 38/46 hp.
You are too injured to fight recklessly!
You are too injured to fight recklessly!
You are too injured to fight recklessly!
You are too injured to fight recklessly!
You are too injured to fight recklessly!
You are too injured to fight recklessly!
You are too injured to fight recklessly!
You are too injured to fight recklessly!
You are too injured to fight recklessly!
You are too injured to fight recklessly!
You are too injured to fight recklessly!
You are too injured to fight recklessly!
You are too injured to fight recklessly!
You are too injured to fight recklessly!
You are too injured to fight recklessly!
You are too injured to fight recklessly!
You are too injured to fight recklessly!
You are too injured to fight recklessly!
You are too injured to fight recklessly!
You are too injured to fight recklessly!
You are too injured to fight recklessly!
A frilled lizard is nearby!
You closely miss the frilled lizard. You block the frilled lizard's attack.
You closely miss the frilled lizard. The frilled lizard bites you. 😕 HP[-1]
You take 1 damage, and now have 37/46 hp.
You barely miss the frilled lizard. The frilled lizard bites you. 😕 HP[-1]
You take 1 damage, and now have 36/46 hp.
You slash the frilled lizard!
You kill the frilled lizard!
Trog accepts your kill.
You can now call upon Trog for regeneration and willpower.
You start resting. 😎 HP[+10]
Your hp is fully restored (46).
You see here a frilled lizard corpse.
A wight comes into view. It is wielding a +0 great sword.
A wight is nearby!
A wight is nearby!
A wight is nearby!
A wight comes into view.
It is wielding a +4 falchion of freezing.
A wight comes into view. It is wielding a +5 trident.
You see here 11 stones {throwing}.
A wight comes into view.
It is wielding a +2 falchion of freezing.
You hit the wight.
The wight hits you with a +0 great sword! 😕 HP[-11]
You take 11 damage, and now have 35/46 hp.
MASSIVE DAMAGE!! (PAUSE) Unknown command.
The wight attacks as you move away! You block the wight's attack.
You see here 11 stones {throwing}.
A red film seems to cover your vision as you go berserk!
You feel yourself moving faster!
You feel mighty!
You can no longer call upon Trog for regeneration and willpower.
The wight hits you with a +0 great sword! 😮 HP[+1]
You now have 69 max hp (+23).
You slash the wight!
The wight hits you from afar with a +5 trident!
* * * LOW HITPOINT WARNING * * *
The wight completely misses you. 😨 HP[-9]
You take 9 damage, and now have 27/69 hp.
You hit the wight. You block the wight's attack. The wight barely misses you.
You closely miss the wight. 😨 HP[+1]
You closely miss the wight. The wight closely misses you.
The wight hits you from afar with a +5 trident.
* * * LOW HITPOINT WARNING * * *
😨 HP[-5]
You take 5 damage, and now have 23/69 hp.
You slash the wight!
You destroy the wight!
Trog accepts your kill.
The wight hits you from afar with a +5 trident!
* * * LOW HITPOINT WARNING * * *
Your Long Blades skill increases to level 5! 😱 HP[-9]
You take 9 damage, and now have 14/69 hp.
You swing at nothing.
You swing at nothing.
You feel a strong urge to attack something.
The wight hits you from afar with a +5 trident!
* * * LOW HITPOINT WARNING * * *
😱 HP[-13]
You take 13 damage, and now have 1/69 hp.
You hit the wight.
The wight hits you with a +2 falchion of freezing.
You die...

Skill      XL: |  1  2  3  4  5  6 |
---------------+-------------------+-----
Long Blades    | 3 4 5 |  5.0
Dodging        | 3 5 |  5.4
Fighting       | |  3.0
Armour         | |  2.0

Action                   |  1- 3 |  4- 6 || total
-------------------------+-------+-------++-------
Melee: Falchion          |   106 |    66 ||   172
       Punch             |     1 |       ||     1
Invok: Berserk           |     2 |     3 ||     5
  Use: Scroll            |     1 |       ||     1
Armor: Animal skin       |    34 |     9 ||    43
Dodge: Dodged            |    79 |    45 ||   124
Block: Buckler           |    14 |    11 ||    25

Levels and vault maps discovered:
D:1:      nzn_arrival_settlement, layout_basic, chequers_serial_rivers_room_b,
          minivault_14, minmay_tetromino_t2
D:2:      layout_loops_ring, basic_ecumenical_altar
D:3:      minmay_general_purpose_star, layout_loops_ring, fountainhead,
          minmay_misc_feat_plants, uniq_grinder

Notes
Turn   | Place    | Note
-------+----------+-------------------------------------------
     0 | D:1      | spaghetti the Djinni Berserker began the quest for the Orb.
     0 | D:1      | Reached XP level 1. HP: 20/20 MP: 0/0
     0 | D:1      | magus.rc [v1.9.6]
   627 | D:1      | Reached XP level 2. HP: 25/25 MP: 0/0
   634 | D:1      | Reached skill level 3 in Long Blades
  1143 | D:1      | Reached XP level 3. HP: 30/30 MP: 0/0
  1143 | D:1      | Learned a level 1 spell: Magic Dart
  1274 | D:2      | Reached skill level 3 in Dodging
  1345 | D:2      | HP: 9/45 [frozen (7)]
  1858 | D:2      | Found a faded altar of an unknown god.
  2105 | D:2      | Reached XP level 4. HP: 29/35 MP: 0/0
  2625 | D:3      | Reached XP level 5. HP: 37/40 MP: 0/0
  2625 | D:3      | Learned a level 2 spell: Corpse Rot
  2635 | D:3      | Reached skill level 4 in Dodging
  2647 | D:3      | Noticed Grinder
  2662 | D:3      | Killed Grinder
  2663 | D:3      | Reached skill level 4 in Long Blades
  2663 | D:3      | Reached skill level 5 in Dodging
  2663 | D:3      | Reached XP level 6. HP: 46/46 MP: 0/0
  2793 | D:3      | Reached ** piety under Trog
  2871 | D:3      | HP: 14/69 [wight/+5 trident (9)]
  2872 | D:3      | Reached skill level 5 in Long Blades
  2873 | D:3      | HP: 1/69 [wight/+5 trident (13)]
  2874 | D:3      | Slain by a wight

Vanquished Creatures
  Grinder (D:3)
  A wight (D:3)
  A hound (D:3)
  3 adders
  A dart slug (D:1)
  4 endoplasms
  4 giant cockroaches
  3 goblins
  4 hobgoblins
  6 kobolds
  A quokka (D:2)
  3 ball pythons
  4 bats
  4 frilled lizards
  5 rats
45 creatures vanquished.

Table legend:
 A = Non-vault XP
 B = Vault XP
 C = Vault XP percentage of total XP
 D = Non-vault monster count
 E = Vault monster count
 F = Vault count percentage of total count
                 A         B        C        D         E       F
            +---------+---------+-------+---------+---------+-------
      Total |     218 |     279 |  56.1 |      43 |       2 |   4.4
            +---------+---------+-------+---------+---------+-------
        D:1 |      27 |       2 |   6.9 |      14 |       1 |   6.7
        D:2 |      47 |       0 |   0.0 |      15 |       0 |   0.0
        D:3 |     144 |     277 |  65.8 |      14 |       1 |   6.7
            +---------+---------+-------+---------+---------+-------

Illustrated notes

Table legend:
 A = Kills in this place as a percentage of kills in entire the game.
 B = Kills by you in this place as a percentage of kills by you in the entire game.
 C = Kills by friends in this place as a percentage of kills by friends in the entire game.
 D = Other kills in this place as a percentage of other kills in the entire game.
 E = Experience gained in this place as a percentage of experience gained in the entire game.
 F = Experience gained in this place divided by the number of levels of this place that you have seen.
                   A       B       C       D       E      F
               +-------+-------+-------+-------+-------+----------------------
         Total | 100.0 | 100.0 |   N/A |   N/A | 100.0 | 165.7
       Dungeon | 100.0 | 100.0 |   N/A |   N/A | 100.0 | 165.7
               +-------+-------+-------+-------+-------+----------------------

Table legend: (Time is in decaauts)
 A = Elapsed time spent in this place.
 B = Non-inter-level travel time spent in this place.
 C = Inter-level travel time spent in this place.
 D = Time resting spent in this place.
 E = Time spent auto-exploring this place.
 F = Levels seen in this place.
 G = Mean time per level.
                   A        B        C        D        E       F      G
               +--------+--------+--------+--------+--------+-----+--------+
         Total |   2934 |   2873 |     61 |   1100 |   1375 |   3 |  978.0 |
       Dungeon |   2934 |   2873 |     61 |   1100 |   1375 |   3 |  978.0 |
               +--------+--------+--------+--------+--------+-----+--------+

Top non-repeatable levels by time:
     D:1: 1277 daAuts
     D:2: 1208 daAuts
     D:3: 448 daAuts
